AoeStats
← iqks3264

Northern Isles

510513651Analyzed
1v1 RM · 1d ago on Oct 1, 2026· 48m 3s· 2 players
Game mode
Random Map
Map size
Tiny (2 player)
Population
200
Speed
Normal
Resources
Standard
Victory
Conquest
Starting age
Dark Age
Ending age
Imperial Age
RankedLock teamsTeams togetherTeam positionsShared explorationLock speedFull tech treeHidden civsTurbo modeCheats
Victory
Defeat
🇨🇳 Spanish · China
733
+15
🇮🇳 Chinese · India
701
-23
iqks3264
10:32 Feudal Age
9:35 Loom
11:06 Double-Bit Axe
11:57 Horse Collar
15:42 Man-at-Arms
16:36 Fishing Lines
17:47 Wheelbarrow
19:08 Loom
19:35 Scale Mail Armor
19:46 Forging
23:52 Castle Age
23:16 Stone Mining
27:17 Wheelbarrow
28:15 Bow Saw
30:44 Crossbowman
31:30 Thumb Ring
33:12 Gold Mining
34:02 Padded Archer Armor
35:24 Hand Cart
38:40 Gold Shaft Mining
38:40 Stone Shaft Mining
38:34 Siphons
38:50 Ballistics
38:49 Leather Archer Armor
38:24 Fletching
43:31 Imperial Age
4****6485
3:34 Loom
11:34 Feudal Age
13:00 Wheelbarrow
12:15 Double-Bit Axe
15:06 Bloodlines
14:27 Man-at-Arms
23:31 Castle Age
21:44 Forging
21:32 Fishing Lines
22:19 Arson
23:02 Fletching
23:44 Long Swordsman
24:09 Gambesons
24:25 Squires
25:42 Medium Warships
26:25 Iron Casting
25:51 Scale Mail Armor
26:11 Horse Collar
26:44 Bow Saw
29:47 Hand Cart
30:10 Bodkin Arrow
30:32 Chain Mail Armor
35:10 Imperial Age
32:35 Town Watch
33:55 Husbandry
34:20 Town Patrol
35:35 Gillnets
36:52 Chemistry
37:14 Heavy Warships
37:52 Two-Man Saw
38:18 Bracer
40:16 Blast Furnace
39:47 Plate Mail Armor
40:43 Two-Handed Swordsman
41:50 Champion
45:58 Padded Archer Armor
46:04 Scale Barding Armor
46:27 Ballistics
Connection lost

Rejoining the realm…

Still unreachable

The connection could not be restored.

Session expired

The server has moved on; the page needs a fresh start.